AoeStats
← 犹豫就会败北

Arena

510361253Analyzed
2v2 RM · 1d ago on Sep 30, 2026· 35m 23s· 4 players
Game mode
Random Map
Map size
Medium (4 player)
Population
200
Speed
Normal
Resources
Standard
Victory
Conquest
Starting age
Dark Age
Ending age
Imperial Age
RankedLock teamsTeams togetherTeam positionsShared explorationLock speedFull tech treeHidden civsTurbo modeCheats
Victory
Defeat
🇨🇳 Bulgarians · China
1196
+15
🇺🇸 Malians · United States
1128
+17
🇩🇪 Cumans · Germany
1171
-16
🇦🇷 Sicilians · Argentina
1164
-16
Marco Aurelio
10:40 Feudal Age
11:37 Feudal Age
12:27 Double-Bit Axe
15:38 Castle Age
14:02 Horse Collar
16:32 Bow Saw
16:33 Heavy Plow
16:24 Loom
28:28 Imperial Age
26:39 Gold Mining
29:20 Gold Shaft Mining
29:33 Conscription
31:01 Fletching
31:45 Caravan
32:29 Bodkin Arrow
33:16 Heavy Scorpion
Luis
11:22 Feudal Age
9:37 Loom
19:52 Castle Age
18:39 Scale Barding Armor
18:48 Double-Bit Axe
18:44 Horse Collar
19:48 Fletching
20:31 Bloodlines
23:27 Gold Mining
24:26 Padded Archer Armor
25:27 Leather Archer Armor
25:15 Elite Skirmisher
26:48 Bodkin Arrow
30:05 Chain Barding Armor
30:19 Ballistics
31:18 Forging
31:56 Murder Holes
34:22 Iron Casting
犹豫就会败北
2:32 Loom
11:14 Feudal Age
12:14 Double-Bit Axe
15:22 Castle Age
14:05 Horse Collar
22:32 Wheelbarrow
25:28 Hand Cart
26:23 Heavy Plow
26:37 Bow Saw
29:17 Imperial Age
26:35 Town Watch
27:35 Stone Mining
27:37 Gold Mining
28:22 Scale Barding Armor
28:28 Forging
28:08 Fletching
29:41 Stone Shaft Mining
29:44 Gold Shaft Mining
30:52 Crop Rotation
30:46 Chain Barding Armor
31:02 Iron Casting
30:23 Bodkin Arrow
29:53 Capped Ram
30:53 Siege Ram
32:15 Plate Barding Armor
32:13 Conscription
33:53 Blast Furnace
32:54 Bracer
33:09 Husbandry
33:19 Bloodlines
32:30 Light Cavalry
34:02 Cavalier
rafed123
10:46 Feudal Age
11:16 Double-Bit Axe
16:14 Castle Age
14:11 Horse Collar
17:13 Bow Saw
16:59 Loom
18:33 Fletching
18:58 Forging
19:10 Bodkin Arrow
19:17 Gold Mining
26:37 Iron Casting
26:24 Arson
26:40 Squires
27:46 Scale Mail Armor
30:38 Chain Mail Armor
32:09 Wheelbarrow
33:50 Hand Cart
37:48 Imperial Age
Connection lost

Rejoining the realm…

Still unreachable

The connection could not be restored.

Session expired

The server has moved on; the page needs a fresh start.